 Dungeon Crawl Stone Soup version 0.26-a0-639-g72c4674329 (webtiles) character file.

Game seed: 5720256908332231743

5856 MrRokkomies the Arsonist (level 10, -4/88 HPs)
             Began as a Deep Elf Fire Elementalist on Sept 18, 2020.
             Was an Elder of Sif Muna.
             Slain by a freezing wraith (7 damage)
             ... on level 9 of the Dungeon.
             The game lasted 00:27:30 (13700 turns).

MrRokkomies the Arsonist (DEFE)                    Turns: 13700, Time: 00:27:30

Health: -4/88      AC: 10    Str:  2 (5)  XL:     10   Next: 52%
Magic:  7/16       EV: 14    Int: 23 (24) God:    Sif Muna [****..]
Gold:   390        SH:  0    Dex: 14 (15) Spells: 4/15 levels left

rFire    . . .     SeeInvis .   y - +5 spear
rCold    + . .     Faith    +   (no shield)
rNeg     . . .     Spirit   .   L - +0 troll leather armour
rPois    .         Reflect  .   C - +0 helmet
rElec    .         Harm     .   p - scarf {repulsion}
rCorr    .         Rampage  .   v - +0 pair of gloves
MR       +....                  (no boots)
Stlth    ..........             f - amulet of faith
HPRegen  0.64/turn              e - ring of protection from cold
MPRegen  0.15/turn              q - +4 ring of protection

@: berserking, slowed, repel missiles
A: no striking features
a: Channel Magic, Forget Spell, Divine Exegesis, Renounce Religion


You were on level 9 of the Dungeon.
You worshipped Sif Muna.
Sif Muna was greatly pleased with you.
You visited 2 branches of the dungeon, and saw 10 of its levels.

You collected 610 gold pieces.
You spent 220 gold pieces at shops.

Inventory:

Hand Weapons
 c - a +0 dagger
 y - a +5 spear (weapon)
Missiles
 a - 25 poisoned darts (quivered)
Armour
 p - a scarf of repulsion (worn)
 r - a +2 robe
 v - a +0 pair of gloves (worn)
 C - a +0 helmet (worn)
 H - a +2 cloak
 L - a +0 troll leather armour (worn)
Jewellery
 e - a ring of protection from cold (left hand)
 f - an amulet of faith (around neck)
 j - an uncursed ring of protection from fire
 q - a +4 ring of protection (right hand)
 E - an uncursed ring of magical power {unknown}
Wands
 g - a wand of paralysis (2)
 m - a wand of iceblast (12)
 o - a wand of flame (14)
 A - a wand of polymorph (11)
 I - a wand of random effects (11)
Scrolls
 d - a scroll of remove curse
 l - 2 scrolls of immolation
 x - a scroll of amnesia
 B - a scroll of enchant armour
 F - 2 scrolls of identify
 K - a scroll of enchant weapon
Potions
 b - a potion of flight
 i - 7 potions of curing
 k - a potion of degeneration
 n - a potion of berserk rage
 s - 2 potions of stabbing
 u - a potion of mutation {unknown}
 w - a potion of lignification {unknown}
 z - a potion of resistance {unknown}
 D - 2 potions of might {unknown}
 G - 2 potions of brilliance {unknown}


   Skills:
 + Level 5.2 Fighting
 + Level 8.0 Dodging
 - Level 2.4 Stealth
 - Level 3.0 Spellcasting
 * Level 10.1 Conjurations
 * Level 10.5 Fire Magic


You had 4 spell levels left.
You knew the following spells:

 Your Spells              Type           Power        Failure   Level
a - Foxfire               Conj/Fire      ####         1%          1
b - Conjure Flame         Conj/Fire      ######..     1%          3
c - Inner Flame           Hex/Fire       ####....     9%          3
d - Sticky Flame          Conj/Fire      ######..     3%          4

Your spell library contained the following spells:

 Spells                   Type           Power        Failure   Level
 Magic Dart               Conj           ####         1%          1
 Mephitic Cloud           Conj/Pois/Air  ###.....     21%         3
 Blink                    Tloc           N/A          36%         2
 Call Imp                 Summ           #.......     36%         2
 Slow                     Hex            #.......     36%         2
 Confusing Touch          Hex            #.......     61%         3
 Gell's Gravitas          Tloc           #.........   61%         3
 Petrify                  Tmut/Erth      #.......     95%         4
 Fireball                 Conj/Fire      ######....   11%         5
 Iskenderun's Battlesphe  Conj           ######..     12%         5
 Bolt of Magma            Conj/Fire/Erth #####.....   41%         5
 Orb of Destruction       Conj           ######....   98%         7
 Iron Shot                Conj/Erth      ####......   99%         6
 Metabolic Englaciation   Hex/Ice        #.........   100%        5
 Yara's Violent Unravell  Hex/Tmut       #.........   100%        5
 Spellforged Servitor     Conj/Summ      ####......   100%        7


Dungeon Overview and Level Annotations

Branches:
Dungeon (9/15)             Temple (1/1) D:4
   Lair: D:8-11         Orc: D:9-12

Altars:
Ashenzari
Cheibriados
Dithmenos
Fedhas
Gozag
Hepliaklqana
Kikubaaqudgha
Nemelex Xobeh
Qazlal
Ru
Sif Muna
Trog
Uskayaw
Vehumet
Xom
Yredelemnul
Zin

Shops:
D:4 *

Annotations:
D:5 2 transporters, brujo666's ghost, weakling DsDe


Message History

Your body is wracked with pain!
* * * LOW HITPOINT WARNING * * *
The centaur warrior convulses!
It was a scroll of torment.
The freezing wraith closely misses you.
The freezing wraith hits you but does no damage.
It was a potion of degeneration.
There was something very wrong with that liquid.
You feel weakened.
You feel dopey.
You feel clumsy.
The freezing wraith hits you but does no damage.
The freezing wraith barely misses you. The freezing wraith hits you!
* * * LOW HITPOINT WARNING * * *
The freezing wraith freezes you! You resist.
* * * LOW HITPOINT WARNING * * *
The freezing wraith hits you.
* * * LOW HITPOINT WARNING * * *
Unknown command.
It was a potion of berserk rage.
A red film seems to cover your vision as you go berserk!
You feel yourself moving faster!
You feel mighty! The freezing wraith hits you!
You die...

##########'#..<....#+###)#)..####
........#..#.......#..##.).### #
........'..#.......#.....### #
........#..#.......#...###. #
........####.........###.... #
##.............#(..### ..... #
#...............### ..... #
#.............### #...# #
##...........###@## #.... #
...#####+#.###.##W##F#.# 5 #
...#..........#..#yc#F.#[5|# #
...#.......####.#.##..c5}# #
...'..##.....###..#.##.=## #
...#).#........###.. ## #
...#..#.......).(### #
...#..#............### #
...#..'....#######...### #


You could see a centaur warrior, a freezing wraith and a vampire mosquito.

Vanquished Creatures
  2 two-headed ogres (D:7)
  A troll (D:9)
  Prince Ribbit (D:9)
  A hornet (D:8)
  2 hippogriffs
  Sigmund (D:2)
  Menkaure (D:5)
  2 ice beasts
  A sky beast (D:7)
  A necrophage (D:7)
  An eye of draining (D:4)
  4 ogres
  A centaur (D:9)
  A gnoll sergeant (D:9)
  7 bullfrogs
  3 scorpions
  A water moccasin skeleton (D:7)
  An oklob sapling (D:4)
  6 killer bees
  6 electric eels (D:6)
  A bullfrog zombie (D:7)
  A quasit (D:9)
  2 centaur skeletons
  3 orc priests
  8 hounds
  2 jellies
  Ijyb (D:5)
  An iguana (D:6)
  3 orc wizards
  7 worker ants
  Natasha (D:2)
  A hound zombie (D:6)
  A worker ant zombie (D:5)
  8 adders
  9 gnolls
  A hound simulacrum (D:9)
  3 shadow imps
  2 white imps
  2 ufetubi (D:7)
  An ooze (D:2)
  An adder zombie (D:7)
  3 worms (D:2)
  5 leopard geckos
  35 orcs
  4 giant cockroaches
  13 hobgoblins
  8 jackals
  8 quokkas
  6 ball pythons
  13 bats
  14 frilled lizards
  11 goblins
  9 kobolds
  A leopard gecko zombie (D:7)
  2 quokka skeletons
  6 rats
241 creatures vanquished.

Vanquished Creatures (collateral kills)
  3 foxfires (D:4)
3 creatures vanquished.

Vanquished Creatures (others)
  475 foxfires
  19 plants
  4 withered plants (D:6)
498 creatures vanquished.

Grand Total: 742 creatures vanquished

Notes
Turn   | Place    | Note
-------+----------+-------------------------------------------
     0 | D:1      | MrRokkomies the Deep Elf Fire Elementalist began the quest
                  | for the Orb.
     0 | D:1      | Reached XP level 1. HP: 10/10 MP: 6/6
   472 | D:1      | Reached XP level 2. HP: 15/15 MP: 5/8
  1672 | D:2      | Reached XP level 3. HP: 19/20 MP: 0/9
  1992 | D:2      | Noticed Sigmund
  2004 | D:2      | Killed Sigmund
  2004 | D:2      | Reached skill level 1 in Fighting
  2004 | D:2      | Reached XP level 4. HP: 17/25 MP: 1/10
  2004 | D:2      | Reached XP level 5. HP: 20/29 MP: 1/11
  2111 | D:2      | Found a shadowy altar of Dithmenos.
  2729 | D:2      | Reached skill level 5 in Fire Magic
  2894 | D:2      | Learned a level 3 spell: Conjure Flame
  2898 | D:2      | Learned a level 3 spell: Inner Flame
  2948 | D:2      | Reached XP level 6. HP: 35/35 MP: 12/12
  3123 | D:2      | Noticed Natasha
  3131 | D:2      | Killed Natasha
  5917 | D:4      | Reached XP level 7. HP: 40/40 MP: 0/13
  5929 | D:4      | Reached skill level 5 in Conjurations
  6133 | D:4      | Found a staircase to the Ecumenical Temple.
  6380 | D:4      | Found Ifewial's General Store.
  6383 | D:4      | Bought a book of Minor Magic for 220 gold pieces
  6388 | D:4      | Learned a level 4 spell: Sticky Flame
  6658 | Temple   | Entered the Ecumenical Temple
  6722 | Temple   | Became a worshipper of Sif Muna the Loreminder
  6742 | D:4      | Found a bloodstained altar of Trog.
  6900 | D:5      | Entered Level 5 of the Dungeon
  6989 | D:5      | Noticed Ijyb
  6997 | D:5      | Killed Ijyb
  7313 | D:5      | Found a transporter.
  7318 | D:5      | Noticed brujo666's ghost (weakling DsDe)
  7388 | D:5      | Found a transporter.
  7516 | D:5      | Reached * piety under Sif Muna
  7523 | D:5      | Found a glowing silver altar of Zin.
  7913 | D:5      | Reached skill level 5 in Dodging
  7913 | D:5      | Reached XP level 8. HP: 45/45 MP: 9/14
  8027 | D:5      | Noticed Menkaure
  8036 | D:5      | Killed Menkaure
  8406 | D:6      | Found an ancient bone altar of Kikubaaqudgha.
  8744 | D:6      | Noticed a +0 dagger
  8744 | D:6      | Noticed a +0 hand axe
  8781 | D:6      | Found a hide-covered altar of Uskayaw.
  9514 | D:6      | Reached ** piety under Sif Muna
  9792 | D:6      | Reached XP level 9. HP: 41/52 MP: 15/15
 10183 | D:7      | Found a hazy altar of Hepliaklqana.
 10749 | D:7      | Reached *** piety under Sif Muna
 11396 | D:8      | Noticed a two-headed ogre
 11558 | D:7      | Killed a two-headed ogre
 11903 | D:8      | Noticed a two-headed ogre
 12011 | D:7      | Killed a two-headed ogre
 12011 | D:7      | Reached skill level 10 in Fire Magic
 12011 | D:7      | Reached XP level 10. HP: 49/58 MP: 10/16
 12441 | D:8      | Found a shimmering altar of Xom.
 12515 | D:8      | Found a sacrificial altar of Ru.
 12515 | D:8      | Found a snail-covered altar of Cheibriados.
 12515 | D:8      | Found a stormy altar of Qazlal.
 12516 | D:8      | Found a radiant altar of Vehumet.
 13021 | D:9      | Reached skill level 5 in Fighting
 13155 | D:9      | Reached **** piety under Sif Muna
 13423 | D:9      | Reached skill level 10 in Conjurations
 13483 | D:9      | Noticed Prince Ribbit
 13490 | D:9      | Killed Prince Ribbit
 13689 | D:9      | Noticed a centaur warrior
 13699 | D:9      | HP: 1/59 [freezing wraith (2)]
 13700 | D:9      | Slain by a freezing wraith

Illustrated notes

Levels and vault maps discovered:
D:1:      dpeg_arrival_shrine, layout_basic, serial_bayou_pond_d,
          serial_bayou_pond_d, chequers_serial_rivers_room_b, dk_noncrumbling_4
D:2:      layout_loops_corners, overflow_temple_1_default,
          minmay_joined_circles, uniq_natasha, uniq_sigmund
D:3:      layout_basic, serial_glass, glass_columns_b, glass_columns_a
D:4:      layout_loops_corners, lightli_temple_of_fire,
          minmay_temple_entry_oklob, serial_shops, kennysheep_mini
D:5:      layout_loops_corners, old_standard_altar, gammafunk_ghost_stat_death,
          uniq_ijyb, uniq_menkaure
D:6:      cheibrodos_two_vegetables, layout_loops_ring, dancing_weapons_uskayaw,
          kiku_gazebo_garden_becter
D:7:      layout_loops_ring, overflow_temple_1_default
D:8:      layout_basic, minitemple
D:9:      minmay_the_grid_triangle_9x9_recursive_2_mashed
          [minmay_the_grid_triangle_9x9_prize_schism,
          minmay_the_grid_triangle_9x9_odd_lines,
          minmay_the_grid_triangle_9x9_empty,
          minmay_the_grid_triangle_9x9_corruption], layout_gridville,
          uniq_prince_ribbit1, uniq_erolcha
Temple:   chequers_temple_sunken

Skill      XL: |  1  2  3  4  5  6  7  8  9 10 |
---------------+-------------------------------+-----
Conjurations   | 2 3 4 5 7 9 10 | 10.1
Fighting       | 1 2 3 4 5 |  5.2
Dodging        | 3 4 5 6 7 8 |  8.0
Fire Magic     | 4 5 6 8 10 | 10.5
Stealth        | |  2.4
Spellcasting   | |  3.0

Action                   |  1- 3 |  4- 6 |  7- 9 | 10-12 || total
-------------------------+-------+-------+-------+-------++-------
Melee: Dagger            |    41 |    88 |       |       ||   129
       Hand axe          |       |    39 |       |       ||    39
       Spear             |       |     2 |   384 |    48 ||   434
Throw: Dart              |       |     5 |     6 |    13 ||    24
 Cast: Foxfire           |    55 |   102 |    69 |    61 ||   287
       Sticky Flame      |       |       |    18 |    12 ||    30
       Conjure Flame     |       |       |     1 |     1 ||     2
Evoke: Wand              |       |       |     8 |       ||     8
  Use: Scroll            |       |     9 |    11 |     3 ||    23
       Potion            |       |     1 |     4 |     2 ||     7
 Stab: Sleeping          |     2 |     4 |    11 |     1 ||    18
Armor: Robe              |     7 |    37 |    95 |    18 ||   157
       Leather armour    |    15 |    32 |    21 |       ||    68
       Troll leather arm |       |       |       |     7 ||     7
Dodge: Dodged            |    45 |   160 |   298 |    97 ||   600
       Repelled          |       |       |     4 |     1 ||     5

Table legend: (Time is in decaauts)
 A = Elapsed time spent in this place.
 B = Non-inter-level travel time spent in this place.
 C = Inter-level travel time spent in this place.
 D = Time resting spent in this place.
 E = Time spent auto-exploring this place.
 F = Levels seen in this place.
 G = Mean time per level.
                   A        B        C        D        E       F      G
               +--------+--------+--------+--------+--------+-----+--------+
         Total |  13745 |  13166 |    579 |   1088 |   9833 |  10 | 1374.5 |
       Dungeon |  13669 |  13100 |    569 |   1082 |   9778 |   9 | 1518.8 |
        Temple |     75 |     65 |     10 |      6 |     55 |   1 |   75.0 |
               +--------+--------+--------+--------+--------+-----+--------+

Top non-repeatable levels by time:
     D:6: 1878 daAuts
     D:2: 1865 daAuts
     D:3: 1795 daAuts
     D:4: 1708 daAuts
     D:7: 1653 daAuts
     D:1: 1622 daAuts
     D:5: 1273 daAuts
     D:9: 1049 daAuts
     D:8: 822 daAuts
  Temple: 75 daAuts
